EVO
VANDERBILT UNIVERSITY COMMODORES @ UNIVERSITY OF ARIZONA WILDCATS
07/06/2045
 
TOP OF THE 1ST
Vanderbilt University Commodores batting - Pitching for University of Arizona Wildcats : LHP Amari Miller
Pitching: LHP Amari Miller
Batting: RHB Joe Simmelink 0-0: Called Strike
0-1: Ball
1-1: Ball
2-1: Called Strike
2-2: Ball
3-2: Base on Balls
Batting: LHB Mike Becerra 0-0: Swinging Strike
0-1: Ball
1-1: Called Strike
1-2: Strikes out swinging
Batting: RHB Roger Mitchell 0-0: Ball
1-0: Called Strike
1-1: Fly out, F8 (Flyball, 8RD, EV 110.0 MPH)
Batting: RHB Austin Sweetman 0-0: Swinging Strike
0-1: Foul Ball, location: 2F
0-2: Ball
1-2: Strikes out looking
Top of the 1st over - 0 runs, 0 hits, 0 errors, 1 left on base; Vanderbilt University 0 - University of Arizona 0
BOTTOM OF THE 1ST
University of Arizona Wildcats batting - Pitching for Vanderbilt University Commodores : RHP Andrew Ferrell
Pitching: RHP Andrew Ferrell
Batting: RHB Costantino Dolfini 0-0: Called Strike
0-1: Swinging Strike
0-2: Foul Ball, location: 2F
0-2: Foul Ball, location: 2F
0-2: Foul Ball, location: 2F
0-2: Fly out, F8 (Flyball, 78M, EV 76.2 MPH)
Batting: RHB Arnaud Derosiers 0-0: Foul Ball, location: 2F
0-1: SINGLE (Groundball, 3, EV 96.9 MPH)
Batting: RHB Melvin Nava 0-0: Ball
1-0: SINGLE (Flyball, 8LS, EV 88.1 MPH)
Arnaud Derosiers to second
Batting: RHB Ricky Aguilar 0-0: Called Strike
0-1: Ball
1-1: Swinging Strike
1-2: Fielders Choice at 2nd, 6-4 (Groundball, 6, EV 85.6 MPH)
Arnaud Derosiers to third
Batting: RHB Mario Morales 0-0: Called Strike
0-1: Foul Ball, location: 2F
0-2: Ball
1-2: Fly out, F7 (Flyball, 7LD, EV 106.9 MPH)
Bottom of the 1st over - 0 runs, 2 hits, 0 errors, 2 left on base; Vanderbilt University 0 - University of Arizona 0
TOP OF THE 2ND
Vanderbilt University Commodores batting - Pitching for University of Arizona Wildcats : LHP Amari Miller
Batting: RHB Mario Avila 0-0: Called Strike
0-1: Swinging Strike
0-2: Ball
1-2: Foul Ball, location: 2F
1-2: Ball
2-2: Foul Ball, location: 2F
2-2: Foul Ball, location: 2F
2-2: Foul Ball, location: 2F
2-2: Ball
3-2: Fly out, F8 (Flyball, 89D, EV 106.9 MPH)
Batting: RHB Chiang-hui Hsi 0-0: Ball
1-0: Foul Ball, location: 2F
1-1: Ball
2-1: Fly out, F8 (Line Drive, 8RM, EV 89.4 MPH)
Batting: SHB Michael Woodard 0-0: Ball
1-0: Ball
2-0: Ball
3-0: Called Strike
3-1: Base on Balls
Batting: LHB Sun-wei Kuai 0-0: Swinging Strike
0-1: Ball
1-1: Swinging Strike
1-2: Strikes out swinging
Top of the 2nd over - 0 runs, 0 hits, 0 errors, 1 left on base; Vanderbilt University 0 - University of Arizona 0
BOTTOM OF THE 2ND
University of Arizona Wildcats batting - Pitching for Vanderbilt University Commodores : RHP Andrew Ferrell
Batting: RHB Robbie Gautreaux 0-0: Called Strike
0-1: Swinging Strike
0-2: Strikes out swinging
Batting: RHB Diego Herrera 0-0: Ground out 5-3 (Groundball, 56, EV 102.5 MPH)
Batting: RHB Matt Peddle 0-0: Ball
1-0: Ball
2-0: Called Strike
2-1: Ball
3-1: SINGLE (Flyball, 9S, EV 81.2 MPH)
Batting: RHB Valentin Catanho 0-0: Fly out, F8 (Flyball, 8RM, EV 70.6 MPH)
Bottom of the 2nd over - 0 runs, 1 hit, 0 errors, 1 left on base; Vanderbilt University 0 - University of Arizona 0
TOP OF THE 3RD
Vanderbilt University Commodores batting - Pitching for University of Arizona Wildcats : LHP Amari Miller
Batting: LHB Jose Diaz 0-0: Ball
1-0: Ground out 3-1 (Groundball, 34, EV 97.5 MPH)
Batting: RHB Joe Simmelink 0-0: Called Strike
0-1: Ball
1-1: SINGLE (Groundball, 6D, EV 103.8 MPH)
Batting: LHB Mike Becerra 0-0: Called Strike
0-1: Swinging Strike
0-2: Strikes out looking
Batting: RHB Roger Mitchell 0-0: Called Strike
0-1: Foul Ball, location: 2F
0-2: SINGLE (Groundball, 5S, EV 71.2 MPH) (infield hit)
Joe Simmelink to second
Batting: RHB Austin Sweetman 0-0: Ball
1-0: Ball
2-0: Ball
3-0: Base on Balls
Joe Simmelink to third
Roger Mitchell to second
Batting: RHB Mario Avila 0-0: Foul Ball, location: 2F
0-1: SINGLE (Groundball, 56D, EV 102.5 MPH)
Joe Simmelink scores
Roger Mitchell to third
Austin Sweetman to second
Runner from 3rd tries for Home, SAFE, throw by LF to home
Batting: RHB Chiang-hui Hsi 0-0: Called Strike
0-1: Ball
Wild Pitch!
Austin Sweetman to third
Mario Avila to second
1-1: Ball
2-1: Fly out, F8 (Flyball, 8RS, EV 87.5 MPH)
Top of the 3rd over - 2 runs, 3 hits, 0 errors, 2 left on base; Vanderbilt University 2 - University of Arizona 0
BOTTOM OF THE 3RD
University of Arizona Wildcats batting - Pitching for Vanderbilt University Commodores : RHP Andrew Ferrell
Batting: RHB Costantino Dolfini 0-0: Ball
1-0: DOUBLE (Flyball, 89D, EV 104.4 MPH)
Batting: RHB Arnaud Derosiers 0-0: Ball
1-0: Ball
2-0: Called Strike
2-1: Swinging Strike
2-2: Ball
3-2: Strikes out looking
Batting: RHB Melvin Nava 0-0: Called Strike
0-1: SINGLE (Flyball, 9LS, EV 87.5 MPH)
Costantino Dolfini to third
Batting: RHB Ricky Aguilar 0-0: Foul Ball, location: 2F
0-1: Ball
1-1: SINGLE (Groundball, 6M, EV 90.0 MPH) (infield hit)
Costantino Dolfini scores
Melvin Nava to second
Batting: RHB Mario Morales 0-0: SINGLE (Groundball, P, EV 85.6 MPH) (infield hit)
Melvin Nava to third
Ricky Aguilar to second
Batting: RHB Robbie Gautreaux 0-0: Foul Ball, location: 2F
0-1: Grounds into double play, 6-4-3 (Groundball, 6, EV 101.2 MPH)
Bottom of the 3rd over - 1 run, 4 hits, 0 errors, 2 left on base; Vanderbilt University 2 - University of Arizona 1
TOP OF THE 4TH
Vanderbilt University Commodores batting - Pitching for University of Arizona Wildcats : LHP Amari Miller
Batting: SHB Michael Woodard 0-0: Called Strike
0-1: Ball
1-1: Foul Ball, location: 2F
1-2: Strikes out swinging
Batting: LHB Sun-wei Kuai 0-0: Called Strike
0-1: Foul Ball, location: 2F
0-2: Ball
1-2: Strikes out swinging
Batting: LHB Jose Diaz 0-0: Ball
1-0: Foul Ball, location: 2F
1-1: Ground out 6-3 (Groundball, 6M, EV 91.2 MPH)
Top of the 4th over - 0 runs, 0 hits, 0 errors, 0 left on base; Vanderbilt University 2 - University of Arizona 1
BOTTOM OF THE 4TH
University of Arizona Wildcats batting - Pitching for Vanderbilt University Commodores : RHP Andrew Ferrell
Batting: RHB Diego Herrera 0-0: Ball
1-0: Swinging Strike
1-1: Ball
2-1: Swinging Strike
2-2: Ball
3-2: Foul Ball, location: 2F
3-2: Base on Balls
Batting: RHB Matt Peddle 0-0: Ball
1-0: Ball
2-0: Called Strike
2-1: Swinging Strike
2-2: Ball
3-2: Foul Ball, location: 2F
3-2: Foul Ball, location: 2F
3-2: Base on Balls
Diego Herrera to second
Batting: RHB Valentin Catanho 0-0: Fly out, F8 (Line Drive, 8RM, EV 94.4 MPH)
Batting: RHB Costantino Dolfini 0-0: Swinging Strike
Passed Ball!
Diego Herrera to third
Matt Peddle to second
0-1: Ball
1-1: Foul Ball, location: 2F
1-2: Foul Ball, location: 2F
1-2: Ball
2-2: Ball
3-2: Ground out 5-3 (Groundball, 56, EV 87.5 MPH)
Diego Herrera scores
Batting: RHB Arnaud Derosiers 0-0: Ball
1-0: Ball
2-0: Called Strike
2-1: SINGLE (Flyball, 8LS, EV 93.1 MPH)
Matt Peddle to third
Runner from 3rd tries for Home, throw by LF and OUT! 7-2
Bottom of the 4th over - 1 run, 1 hit, 0 errors, 1 left on base; Vanderbilt University 2 - University of Arizona 2
TOP OF THE 5TH
Vanderbilt University Commodores batting - Pitching for University of Arizona Wildcats : LHP Amari Miller
Pitching: RHP Omar Barajas
Batting: RHB Joe Simmelink 0-0: Swinging Strike
0-1: Ball
1-1: Ball
2-1: Ground out 6-3 (Groundball, P, EV 80.6 MPH)
Batting: LHB Mike Becerra 0-0: Foul Ball, location: 2F
0-1: Ball
1-1: Called Strike
1-2: Ball
2-2: Ball
3-2: Base on Balls
Batting: RHB Roger Mitchell 0-0: Fielders Choice at 2nd, 6-4 (Groundball, 56, EV 104.4 MPH)
Batting: RHB Austin Sweetman 0-0: Ball
1-0: Ball
2-0: Ball
3-0: Called Strike
3-1: Base on Balls
Roger Mitchell to second
Batting: RHB Mario Avila 0-0: Ball
1-0: Ground out 4-3 (Groundball, 4, EV 88.8 MPH)
Top of the 5th over - 0 runs, 0 hits, 0 errors, 2 left on base; Vanderbilt University 2 - University of Arizona 2
BOTTOM OF THE 5TH
University of Arizona Wildcats batting - Pitching for Vanderbilt University Commodores : RHP Andrew Ferrell
Pitching: LHP Bobby Shaw
Batting: RHB Melvin Nava 0-0: Called Strike
0-1: SINGLE (Groundball, 56, EV 85.0 MPH) (infield hit)
Batting: RHB Ricky Aguilar 0-0: Ball
1-0: Ball
2-0: Ball
3-0: Base on Balls
Melvin Nava to second
Batting: RHB Mario Morales 0-0: Swinging Strike
0-1: Foul Ball, location: 2F
0-2: Strikes out swinging
Pinch Hitting: RHB Al Blanchard 0-0: Called Strike
0-1: Ball
1-1: Ball
2-1: Fly out, F9 (Flyball, 9LM, EV 86.2 MPH)
Runner from 2nd tags up, SAFE at 3rd, no throw by RF
Pinch Hitting: RHB Eric McClelland 0-0: Called Strike
0-1: Foul Ball, location: 2F
0-2: Ball
1-2: Ball
2-2: 3-RUN HOME RUN (Flyball, 7LD, EV 95.0 MPH), Distance : 365 ft
Pitching: RHP Sam Barbuto
Batting: RHB Matt Peddle 0-0: Ball
1-0: Called Strike
1-1: Ground out 3-1 (Groundball, 34, EV 90.0 MPH)
Bottom of the 5th over - 3 runs, 2 hits, 0 errors, 0 left on base; Vanderbilt University 2 - University of Arizona 5
TOP OF THE 6TH
Vanderbilt University Commodores batting - Pitching for University of Arizona Wildcats : RHP Omar Barajas
Pitching: RHP Yen-nien Luo
Now at SS: Jorge Gonzales
Now in LF: Ricky Aguilar
Now in RF: Daniel Wise
Batting: RHB Chiang-hui Hsi 0-0: Ball
1-0: Ball
2-0: Ball
3-0: Called Strike
3-1: Called Strike
3-2: Base on Balls
Batting: SHB Michael Woodard 0-0: Called Strike
Chiang-hui Hsi steals 2nd base
0-1: Foul Ball, location: 2F
0-2: Ball
1-2: Ball
2-2: Foul Ball, location: 5F, Error on foul ball, E5
2-2: Foul Ball, location: 2F
2-2: SINGLE (Popup, 3D, EV 49.4 MPH)
Chiang-hui Hsi to third
Batting: LHB Sun-wei Kuai 0-0: Ball
1-0: Fly out, F8 (Flyball, 8RD, EV 91.2 MPH)
Runner from 3rd tags up, SCORES, no throw by CF
Pinch Hitting: LHB Jeremy Robertson 0-0: Called Strike
0-1: Ball
1-1: Swinging Strike
1-2: Ball
2-2: Ball
3-2: Ground out 4-3 (Groundball, 34D, EV 96.2 MPH)
Michael Woodard to second
Pinch Hitting: RHB Seth Fox 0-0: Swinging Strike
0-1: Ball
1-1: Ball
2-1: Called Strike
2-2: Foul Ball, location: 2F
2-2: Foul Ball, location: 2F
2-2: Ball
3-2: Base on Balls
Batting: LHB Mike Becerra 0-0: Foul Ball, location: 2F
0-1: Foul Ball, location: 2F
0-2: Ball
1-2: Fly out, F2 (Popup, 25F, EV 86.2 MPH)
Top of the 6th over - 1 run, 1 hit, 1 error, 2 left on base; Vanderbilt University 3 - University of Arizona 5
BOTTOM OF THE 6TH
University of Arizona Wildcats batting - Pitching for Vanderbilt University Commodores : RHP Sam Barbuto
Now at 1B: Xavier Williams
Now in CF: Seth Fox
Batting: RHB Valentin Catanho 0-0: Swinging Strike
0-1: Ball
1-1: Foul Ball, location: 2F
1-2: Foul Ball, location: 2F
1-2: Strikes out swinging
Pinch Hitting: RHB Randy Barry 0-0: Ball
1-0: Called Strike
1-1: Foul Ball, location: 2F
1-2: Ball
2-2: Ground out 5-3 (Groundball, 56, EV 80.6 MPH)
Pinch Hitting: RHB Alexis Graciani 0-0: Ball
1-0: Called Strike
1-1: Called Strike
1-2: Foul Ball, location: 2F
1-2: Strikes out looking
Bottom of the 6th over - 0 runs, 0 hits, 0 errors, 0 left on base; Vanderbilt University 3 - University of Arizona 5
TOP OF THE 7TH
Vanderbilt University Commodores batting - Pitching for University of Arizona Wildcats : RHP Yen-nien Luo
Pitching: RHP Drew Manderfield
Now at 1B: Alexis Graciani
Now in CF: Eric Kelley
Pinch Hitting: RHB Itocravo Arrochela 0-0: Fly out, F8 (Line Drive, 8LD, EV 90.0 MPH)
Batting: RHB Austin Sweetman 0-0: Swinging Strike
0-1: Ball
1-1: Swinging Strike
1-2: Ball
2-2: Strikes out swinging
Pinch Hitting: RHB Reomel Somera 0-0: Swinging Strike
0-1: Ball
1-1: Ball
2-1: Ball
3-1: Foul Ball, location: 2F
3-2: Base on Balls
Pinch Hitting: LHB Chad Carlson 0-0: Called Strike
0-1: Ground out 4-3 (Groundball, 34, EV 81.2 MPH)
Top of the 7th over - 0 runs, 0 hits, 0 errors, 1 left on base; Vanderbilt University 3 - University of Arizona 5
BOTTOM OF THE 7TH
University of Arizona Wildcats batting - Pitching for Vanderbilt University Commodores : RHP Sam Barbuto
Pitching: RHP Luis Pantoja
Now at 2B: Itocravo Arrochela
Now at 3B: Reomel Somera
Now in LF: Chad Carlson
Batting: RHB Melvin Nava 0-0: Ball
1-0: DOUBLE (Line Drive, 5D, EV 96.9 MPH)
Batting: RHB Ricky Aguilar 0-0: Intentional Walk
Batting: RHB Rafael Galicia 0-0: Called Strike
0-1: Swinging Strike
0-2: Ball
1-2: SINGLE (Flyball, 8RS, EV 97.5 MPH)
Melvin Nava to third
Ricky Aguilar to second
Batting: RHB Daniel Wise 0-0: Fly out, F9 (Flyball, 9, EV 98.1 MPH)
Runner from 3rd tags up, OUT at HOME! 9-2
Ricky Aguilar to third
Rafael Galicia to second
Batting: RHB Jorge Gonzales 0-0: Fly out, F4 (Popup, 4S, EV 63.1 MPH)
Bottom of the 7th over - 0 runs, 2 hits, 0 errors, 2 left on base; Vanderbilt University 3 - University of Arizona 5
TOP OF THE 8TH
Vanderbilt University Commodores batting - Pitching for University of Arizona Wildcats : RHP Drew Manderfield
Pinch Hitting: RHB Bart Stevensdick 0-0: Called Strike
0-1: TRIPLE (Flyball, 78XD, EV 99.4 MPH)
Batting: LHB Justin Short 0-0: SINGLE (Groundball, 34D, EV 94.4 MPH)
Bart Stevensdick scores
Pinch Hitting: LHB Antonio Sandoval 0-0: Sac Bunt to 15 - play at first, batter OUT! 1-4
Justin Short to second
Pinch Hitting: RHB Jesus Ruiz 0-0: Ball
1-0: Called Strike
1-1: Called Strike
1-2: Foul Ball, location: 2F
1-2: Ground out U3 (Groundball, 34, EV 85.6 MPH)
Justin Short to third
Pinch Hitting: RHB Ward Armstrong 0-0: Ball
1-0: Ball
2-0: 2-RUN HOME RUN (Flyball, 78XD, EV 107.5 MPH), Distance : 440 ft
Pitching: RHP Danny Estrada
Batting: RHB Itocravo Arrochela 0-0: Swinging Strike
0-1: Fly out, F4 (Popup, 34S, EV 76.2 MPH)
Top of the 8th over - 3 runs, 3 hits, 0 errors, 0 left on base; Vanderbilt University 6 - University of Arizona 5
BOTTOM OF THE 8TH
University of Arizona Wildcats batting - Pitching for Vanderbilt University Commodores : RHP Luis Pantoja
Now at 1B: Carlos Martinez
Now at SS: Edwin Sierra
Now in CF: Jose Pereyra
Now in RF: Diego Vega
Batting: RHB Matt Peddle 0-0: Called Strike
0-1: Ball
1-1: Foul Ball, location: 2F
1-2: Strikes out swinging
Batting: RHB Valentin Catanho 0-0: Ball
1-0: Foul Ball, location: 2F
1-1: Ball
2-1: Called Strike
2-2: Foul Ball, location: 2F
2-2: Strikes out swinging
Batting: SHB Eric Kelley 0-0: Fly out, F9 (Flyball, 89M, EV 96.2 MPH)
Bottom of the 8th over - 0 runs, 0 hits, 0 errors, 0 left on base; Vanderbilt University 6 - University of Arizona 5
TOP OF THE 9TH
Vanderbilt University Commodores batting - Pitching for University of Arizona Wildcats : RHP Danny Estrada
Batting: RHB Austin Sweetman 0-0: Called Strike
0-1: SINGLE (Groundball, 34D, EV 107.5 MPH)
Batting: RHB Reomel Somera 0-0: Ball
1-0: Ball
2-0: Ball
3-0: Base on Balls
Austin Sweetman to second
Batting: LHB Chad Carlson 0-0: Reached on error, E6 (Groundball, 6, EV 80.6 MPH)
Austin Sweetman to third
Reomel Somera to second
Batting: LHB Carlos Martinez 0-0: Ball
1-0: Called Strike
1-1: Foul Ball, location: 2F
1-2: Ball
Wild Pitch!
Austin Sweetman scores
Reomel Somera to third
Chad Carlson to second
2-2: Ball
3-2: Foul Ball, location: 2F
3-2: Base on Balls
Batting: LHB Justin Short 0-0: Ball
1-0: Swinging Strike
1-1: Foul Ball, location: 2F
1-2: Ball
2-2: Foul Ball, location: 2F
2-2: Foul Ball, location: 2F
2-2: Foul Ball, location: 2F
2-2: SINGLE (Line Drive, 78S, EV 112.5 MPH)
Reomel Somera scores
Chad Carlson to third
Carlos Martinez to second
Batting: LHB Diego Vega 0-0: Called Strike
0-1: Ball
1-1: Ball
2-1: Swinging Strike
2-2: Ball
3-2: Foul Ball, location: 2F
3-2: Base on Balls
Chad Carlson scores
Carlos Martinez to third
Justin Short to second
Pinch Hitting: RHB Gary Smith 0-0: Called Strike
0-1: Grounds into double play, 1-2-3 (Groundball, 34S, EV 70.6 MPH)
Justin Short to third
Diego Vega to second
Pitching: RHP Tom Frost
Batting: LHB Jose Pereyra 0-0: Called Strike
0-1: Ball
1-1: Ball
2-1: Foul Ball, location: 2F
2-2: Foul Ball, location: 2F
2-2: Hit by Pitch
Batting: RHB Itocravo Arrochela 0-0: Swinging Strike
0-1: Ball
1-1: Ground out 1-3 (Groundball, 34S, EV 65.6 MPH)
Top of the 9th over - 3 runs, 2 hits, 1 error, 3 left on base; Vanderbilt University 9 - University of Arizona 5
BOTTOM OF THE 9TH
University of Arizona Wildcats batting - Pitching for Vanderbilt University Commodores : RHP Luis Pantoja
Now at SS: Yasuyuki Moriyama
Pinch Hitting: RHB David Powell 0-0: Swinging Strike
0-1: Ball
1-1: Ball
2-1: Foul Ball, location: 2F
2-2: Strikes out swinging
Pinch Hitting: RHB Rob Price 0-0: Ball
1-0: Foul Ball, location: 2F
1-1: Ball
2-1: Ball
3-1: Called Strike
3-2: Strikes out swinging
Pinch Hitting: RHB Zion Campbell 0-0: SINGLE (Line Drive, 89S, EV 96.2 MPH)
Batting: RHB Rafael Galicia 0-0: Foul Ball, location: 2F
0-1: Ball
1-1: Ball
2-1: Ball
3-1: Swinging Strike
3-2: Foul Ball, location: 2F
3-2: Strikes out swinging
Bottom of the 9th over - 0 runs, 1 hit, 0 errors, 1 left on base; Vanderbilt University 9 - University of Arizona 5
Wednesday, June 22nd , 2022 - OOTP Baseball 23.4 Build 64